 Dungeon Crawl Stone Soup version 0.22-a0-603-gfc1114d (console) character file.

28 Goblin1989 the Ducker (level 2, -6/14 HPs)
             Began as a Felid Chaos Knight on July 7, 2018.
             Killed by nerve-wracking pain
             ... invoked by Jessica
              (9 damage)
             ... on level 2 of the Dungeon.
             The game lasted 00:02:07 (829 turns).

Goblin1989 the Ducker (Felid Chaos Knight)           Turns: 829, Time: 00:02:09

Health: -6/14      AC:  1    Str:  8    XL:     2   Next: 96%
Magic:  3/3        EV: 19    Int: 13    God:    Xom [..*...]
Gold:   118        SH:  0    Dex: 15    Spells: 1/1 levels left
                                        Lives:  0   Deaths: 0

rFire    . . .     SeeInvis +     - Unarmed
rCold    . . .     Gourm    .   (shield unavailable)
rNeg     . . .     Faith    .   (armour unavailable)
rPois    .         Spirit   .   (helmet unavailable)
rElec    .         Reflect  .   (cloak unavailable)
rCorr    .         Harm     .   (gloves unavailable)
MR       .....                  (boots unavailable)
Stlth    ++........             (no amulet)
HPRegen  0.04/turn              (no ring)
MPRegen  0.08/turn              (no ring)

@: quick
A: very small, no armour, no weapons or thrown items, stealth, claws 1, fangs 3,
see invisible, carnivore, speed 1, shaggy fur 1, slow metabolism 1, sharp paws
a: Renounce Religion


You were on level 2 of the Dungeon.
You worshipped Xom.
You were a toy of Xom.
You were completely stuffed.

You visited 1 branch of the dungeon, and saw 2 of its levels.

You collected 118 gold pieces.

Inventory:

Jewellery
 l - an uncursed ring of magical power {unknown}
Scrolls
 f - 2 scrolls of teleportation {unknown}
 g - 2 scrolls of identify {unknown}
 h - a scroll of remove curse {unknown}
 j - a scroll of fear {unknown}
 k - 2 scrolls of fog {unknown}
 m - a scroll of enchant armour {unknown}
Comestibles
 e - 3 rations
 i - 5 chunks of flesh


   Skills:
 + Level 3.2 Fighting
 + Level 3.6 Dodging
 + Level 1.4 Stealth
 * Level 3.5 Unarmed Combat


You had one spell level left.
You didn't know any spells.
Your spell library was empty.

Dungeon Overview and Level Annotations

Branches:
Dungeon (2/15)

Altars:

Annotations:
D:2 Jessica


Innate Abilities, Weirdness & Mutations

You cannot wear armour.
You are incapable of wielding weapons or throwing items.
Your paws allow you to move quietly. (Stealth)
You have sharp claws.
You have razor-sharp teeth.
You have supernaturally acute eyesight. (SInv)
You are carnivorous and can eat meat at any time.
You cover ground quickly.
You are covered in fur. (AC +1)
You have a slow metabolism.
Your sharp claws are effective at attacking unaware monsters.


Message History

A rat, a giant cockroach and a hobgoblin come into view.
Found a stone staircase leading down.
There is a stone staircase leading up here.
The helpless rat fails to defend itself.
You claw the rat!
You kill the rat!
Unknown command.
You pounce on the unaware helpless giant cockroach!
You claw the giant cockroach!
You kill the giant cockroach!
The hobgoblin shouts!
You hear an angry hiss.
The hobgoblin barely misses you.
You scratch the hobgoblin.
The hobgoblin is severely wounded.
The hobgoblin barely misses you.
You barely miss the hobgoblin.
The hobgoblin is severely wounded.
A frilled lizard comes into view.
The hobgoblin misses you.
You closely miss the hobgoblin.
The hobgoblin is severely wounded.
You scratch the hobgoblin. Your bite misses the hobgoblin.
The hobgoblin is almost dead.
The hobgoblin hits you with a club.
You take 2 damage, and have 12/14 hp.
You scratch the hobgoblin but do no damage.
The hobgoblin is almost dead.
The hobgoblin barely misses you.
You completely miss the hobgoblin. Your bite misses the hobgoblin.
The hobgoblin is almost dead.
The hobgoblin hits you with a club.
You take 1 damage, and have 11/14 hp.
You scratch the hobgoblin.
You kill the hobgoblin!
You scratch the frilled lizard. Your bite misses the frilled lizard.
The frilled lizard is heavily wounded.
The frilled lizard misses you.
You barely miss the frilled lizard.
The frilled lizard is heavily wounded.
You claw the frilled lizard!
You kill the frilled lizard!
Some of the chunks of flesh in your inventory have rotted away.
No target in view!
No target in view!
Xom grants you insight.
You detect creatures!
Key pressed, stopping explore.
Key pressed, stopping explore.
HP restored.
You butcher the hobgoblin corpse.
i - 4 chunks of flesh (gained 2)
You see here a club. x2
Health restored: 14 You butcher the giant cockroach corpse.
i - 5 chunks of flesh (gained 1)
There is a stone staircase leading down here.
m - a scroll labeled TYM GEXUNAFY You now have 111 gold pieces (gained 13).
You now have 118 gold pieces (gained 7).
g - 2 scrolls labeled LENOUL AS UCKOWULE (gained 1) Jessica the Apprentice Sorceress comes into view.
She is wielding a dagger.
Unknown command.
Jessica shouts!
You hear a shout!
You barely miss Jessica.
Jessica gestures wildly while chanting.
Jessica blinks!
Jessica gestures wildly while chanting.
Jessica blinks!
No target in view!
No target in view!
No target in view!
No target in view!
No target in view!
No target in view!
No target in view!
No target in view!
Unknown command.
Jessica looks very angry.
A hobgoblin comes into view.
Jessica hits you with a dagger.
You take 2 damage, and have 12/14 hp.
You barely miss Jessica. Jessica hits you with a dagger.
You take 1 damage, and have 11/14 hp.
You scratch Jessica.
Jessica is moderately wounded.
Jessica points at you and mumbles some strange words.
Pain shoots through your body!
Ouch! That really hurt!
* * * LOW HITPOINT WARNING * * *
You take 8 damage, and have 3/14 hp.
MASSIVE DAMAGE!!
You closely miss Jessica.
Jessica is moderately wounded.
Jessica closely misses you.
You closely miss Jessica.
Jessica is moderately wounded.
Jessica gestures at you while chanting. Pain shoots through your body!
Ouch! That really hurt!
You die...
Xom roars with laughter!

......?...........█
......█...........██
█...█........[.....█
███..█.........<....██..
██...............>.......
.........$..........██...
.......█............█ ..
.......█........██)██
......$█.█@....)....█
......█..██@.██.██....
█......████.....█.██.█
████..██ ███.█.... ..█
....g █.███.. .█ █.....
█.. ██. █ █..... r ..
█..... █.....


You could see Jessica.

Vanquished Creatures
  A dart slug (D:1)
  A leopard gecko (D:1)
  3 giant cockroaches
  4 goblins (D:1)
  4 hobgoblins
  A kobold (D:1)
  3 bats (D:1)
  2 frilled lizards
  4 rats
23 creatures vanquished.

Notes
Turn   | Place    | Note
-------+----------+-------------------------------------------
     0 | D:1      | Goblin1989 the Felid Chaos Knight began the quest for the Orb.
     0 | D:1      | Reached XP level 1. HP: 10/10 MP: 2/2
   126 | D:1      | XOM: silly message
   144 | D:1      | Reached XP level 2. HP: 12/14 MP: 3/3
   198 | D:1      | Reached skill level 1 in Stealth
   367 | D:1      | XOM: harmless Summ miscast
   460 | D:1      | XOM: divination: detect items
   610 | D:1      | XOM: silly message
   718 | D:2      | XOM: divination: detect creatures
   814 | D:2      | Noticed Jessica
   829 | D:2      | Killed from afar by Jessica

Vault maps used:
D:1:      dpeg_arrival_arbitrary_c, minmay_misc_feat_pillars,
          minmay_misc_feat_cross, minmay_distorted
D:2:      kennysheep_slug_shrine, yredelemnul_altar_generic, uniq_jessica

Skill      XL: |  1  2 |
---------------+-------+-----
Stealth        | 1 |  1.4
Fighting       | |  3.2
Dodging        | |  3.6
Unarmed Combat | |  3.5

Action                   || total
-------------------------++-------
Melee: Unarmed           ||    60
       Bite              ||     4
 Stab: Sleeping          ||     5
  Eat: Chunk             ||     7
Dodge: Dodged            ||    45

Table legend:
 A = Spawn XP
 B = Non-spawn XP
 C = Spawn XP percentage of total XP
 D = Spawn monster count
 E = Non-spawn monster count
 F = Spawn count percentage of total count
 G = Total turns spent on level
                    A         B        C        D         E        F      G
               +---------+---------+-------+---------+---------+-------+---------
         Total |       0 |      40 |   0.0 |       0 |      23 |   0.0 |   829
               +---------+---------+-------+---------+---------+-------+---------
           D:1 |       0 |      34 |   0.0 |       0 |      19 |   0.0 |   702
           D:2 |       0 |       6 |   0.0 |       0 |       4 |   0.0 |   127
               +---------+---------+-------+---------+---------+-------+---------

Vault maps used:
D:1:      dpeg_arrival_arbitrary_c, minmay_misc_feat_pillars,
          minmay_misc_feat_cross, minmay_distorted
D:2:      kennysheep_slug_shrine, yredelemnul_altar_generic, uniq_jessica
